 Dungeon Crawl Stone Soup version 0.30-a0-576-g89cddaab80 (webtiles) character file.

Game seed: 10045639844800454884

91 drugrobin the Sneak (level 4, -2/40 HPs)
             Began as a Demigod Delver on Dec 30, 2022.
             Slain by an iguana (10 damage)
             ... on level 3 of the Dungeon.
             The game lasted 00:07:58 (2185 turns).

drugrobin the Sneak (Demigod Delver)                Turns: 2185, Time: 00:07:59

Health: -2/40      AC:  9    Str: 17    XL:     4   Next: 12%
Magic:  6/6        EV:  7    Int: 18    God:
Gold:   107        SH:  0    Dex: 15    Spells: 3/3 levels left

rFire   . . .      SeeInvis .    a - +0 trident
rCold   . . .      Faith    .    (no shield)
rNeg    . . .      Spirit   .    D - +0 chain mail
rPois   .          Reflect  .    (no helmet)
rElec   .          Harm     .    (no cloak)
rCorr   .          Rampage  .    (no gloves)
Will    .....                    u - +0 pair of boots Stlth
                                 (no amulet)
HPRegen 0.26/turn                y - +6 ring of intelligence
MPRegen 0.10/turn                (no ring)

@: no status effects
A: high MP 1, forlorn, divine attributes
a: no special abilities


You were on level 3 of the Dungeon.
You visited 1 branch of the dungeon, and saw 5 of its levels.

You collected 107 gold pieces.

Inventory:

Hand Weapons
 a - a +0 trident (weapon)
 b - a +0 spear
Missiles
 p - 10 poisoned darts
 v - 2 boomerangs (quivered)
Armour
 u - a +0 pair of boots (worn)
 B - a +0 leather armour
 C - a +0 scale mail
 D - a +0 chain mail (worn)
Magical Staves
 k - a staff of fire
Jewellery
 y - a +6 ring of intelligence (left hand)
Wands
 g - a wand of digging (3)
Scrolls
 c - 2 scrolls of fog
 d - 2 scrolls of magic mapping
 e - 2 scrolls of fear
 i - 2 scrolls of identify {unknown}
 l - a scroll of immolation {unknown}
 m - 2 scrolls of vulnerability {unknown}
 o - a scroll of noise {unknown}
 r - a scroll of amnesia {unknown}
 x - a scroll of torment {unknown}
 z - a scroll of summoning {unknown}
Potions
 f - 2 potions of haste
 h - a potion of invisibility {unknown}
 j - 2 potions of flight {unknown}
 n - a potion of might {unknown}
 q - a potion of degeneration {unknown}
 s - a potion of heal wounds {unknown}
 t - 2 potions of curing {unknown}
 w - a potion of resistance {unknown}
 A - a potion of attraction {unknown}


   Skills:
 + Level 3.7 Fighting
 + Level 3.3 Polearms
 - Level 1.7 Dodging
 - Level 4.5 Stealth


You had 3 spell levels left.
You didn't know any spells.
Your spell library was empty.

Dungeon Overview and Level Annotations

Branches:
Dungeon (5/15)
 Temple: D:4-7


Innate Abilities, Weirdness & Mutations

You have an increased reservoir of magic. (+10% MP)
You shall have no god before yourself.
Your divine heritage dramatically boosts your attributes as you level up.


Message History

a +0 club; a goblin corpse You see here a ball python corpse.
t - 2 fizzy ruby potions (gained 1)
You now have 93 gold pieces (gained 5).
Things that are here:
a +0 club; a goblin corpse You now have 107 gold pieces (gained 14).
A bat comes into view.
Unknown command.
You barely miss the bat. The bat closely misses you.
You closely miss the bat. The bat hits you but does no damage. x2
You hit the bat.
You kill the bat!
An iguana comes into view.
Found 7 gold pieces.
The iguana hisses angrily.
A ball python comes into view.
Reach: b) +0 spear
Press: ? - help, Dir - move target, f - iguana
Aim: an iguana (about 34% to evade your +0 spear)
You reach to attack!
You closely miss the iguana.
Unknown command.
Unknown command.
Unknown command.
You barely miss the iguana. The iguana bites you.
You hit the iguana but do no damage. The iguana bites you!
You hit the iguana but do no damage. The iguana bites you.
You barely miss the iguana. The iguana bites you.
You hit the iguana but do no damage. The iguana barely misses you.
a - a +0 trident (weapon)
You barely miss the iguana. The iguana bites you.
Unknown command.
Unknown command.
The ball python hisses angrily.
You hit the iguana but do no damage.
The iguana bites you but does no damage.
You barely miss the iguana. The iguana bites you!
* * * LOW HITPOINT WARNING * * *
The iguana bites you!
You die...

#.>##............#
###...##.....
##.###.#.........# #..
........## #.# #.#.........#
#.# ...#.#... #.#
#.#.#.....#.# #.. ........
#.# #.#.##....#.# #.#
#....... #.# #.#.#####.#.#
#.# ##....... #.#
#.#.........###.# ##.)....##
#.#
#)..............###.....#.##
##.#
###########@##..##..###.#..#
...# #l##.....†# #..... ##.#
##.##...#<)###..... ##.####
### #.......##....##.##
##.#..# ....
#..###..##..###.... ##.#.##
Sl⌠.⌠ #S## #........)..##
##.#.# $.....#.#
#............. ##.#.##
........# ##.##.##.#####
......# ......#.# ......# .#


You could see an iguana and a ball python.

Vanquished Creatures
  Terence (D:3)
  An adder (D:2)
  A worm (D:2)
  3 dart slugs
  An orc (D:2)
  4 ball pythons
  6 bats
  2 endoplasms
  A giant cockroach (D:3)
  5 goblins
  4 hobgoblins
  4 jackals (D:1)
  2 frilled lizards
  5 kobolds
  5 rats
45 creatures vanquished.

Notes
Turn   | Place    | Note
-------+----------+-------------------------------------------
     0 | D:5      | drugrobin the Demigod Delver began the quest for the Orb.
     0 | D:5      | Reached XP level 1. HP: 18/18 MP: 3/3
    62 | D:3      | Noticed Terence
   462 | D:1      | Reached XP level 2. HP: 24/25 MP: 4/4
  1127 | D:1      | Reached XP level 3. HP: 26/31 MP: 5/5
  1946 | D:3      | Killed Terence
  2101 | D:2      | Reached XP level 4. HP: 40/40 MP: 6/6
  2185 | D:3      | Slain by an iguana

Illustrated notes

Levels and vault maps discovered:
D:1:      mrwooster_arrival_statue_3, layout_basic
D:2:      layout_rooms, shapermc_ecumenical_altar_mp_urbaneastern
D:3:      layout_loops_ring, serial_shops, shop_statue, grunt_ministairs_3,
          uniq_terence
D:4:      layout_gridville, nicolae_overflow_crystal_walls, uniq_eustachio
D:5:      cheibrodos_thug_alley, layout_layer_cave, serial_shops, shop,
          minmay_crystal_room, uniq_crazy_yiuf_cottage, uniq_edmund

Skill      XL: |  1  2  3 |
---------------+----------+-----
Polearms       | 2 3 |  3.3
Fighting       | 3 |  3.7
Dodging        | |  1.7
Stealth        | |  4.5

Action                   |  1- 3 |  4- 6 || total
-------------------------+-------+-------++-------
Melee: Spear             |   147 |    17 ||   164
       Punch             |     1 |       ||     1
       Trident           |    14 |     3 ||    17
Throw: Dart              |     6 |       ||     6
       Boomerang         |     4 |       ||     4
 Stab: Sleeping          |    12 |       ||    12
Armor: Leather armour    |    28 |       ||    28
       Scale mail        |     6 |       ||     6
       Chain mail        |       |     6 ||     6
Dodge: Dodged            |    80 |     7 ||    87

Table legend: (Time is in decaauts)
 A = Elapsed time spent in this place.
 B = Non-inter-level travel time spent in this place.
 C = Inter-level travel time spent in this place.
 D = Time resting spent in this place.
 E = Time spent auto-exploring this place.
 F = Levels seen in this place.
 G = Mean time per level.
                   A        B        C        D        E       F      G
               +--------+--------+--------+--------+--------+-----+--------+
         Total |   2181 |   2101 |     80 |     56 |   1394 |   5 |  436.2 |
       Dungeon |   2181 |   2101 |     80 |     56 |   1394 |   5 |  436.2 |
               +--------+--------+--------+--------+--------+-----+--------+

Top non-repeatable levels by time:
     D:1: 928 daAuts
     D:2: 674 daAuts
     D:3: 561 daAuts
     D:5: 11 daAuts
     D:4: 5 daAuts
